 Dungeon Crawl Stone Soup version 0.29-a0-923-g6e406bff71 (webtiles) character file.

Game seed: 8178078368708237586

37 funkygono the Firebug (level 3, -1/24 (26) HPs)
             Began as a Draconian Fire Elementalist on July 27, 2022.
             Slain by Crazy Yiuf
             ... wielding a +4 quarterstaff of chaos
              (14 damage)
             ... on level 2 of the Dungeon.
             The game lasted 00:02:51 (1971 turns).

funkygono the Firebug (Draconian Fire Elementalist) Turns: 1971, Time: 00:02:51

HP:   -1/24 (26)    AC:  5    Str: 10    XL:     3   Next: 21%
MP:   5/7           EV: 12    Int: 17    God:
Gold: 148           SH:  0    Dex: 17    Spells: 4/7 levels left

rFire   . . .      SeeInvis .   o - +0 whip
rCold   . . .      Faith    .   (no shield)
rNeg    . . .      Spirit   .   (body armour unavailable)
rPois   .          Reflect  .   (helmet restricted)
rElec   .          Harm     .   (no cloak)
rCorr   .          Rampage  .   (no gloves)
Will    .....                   (no boots)
Stlth   ++........              (no amulet)
HPRegen 0.08/turn               e - +6 ring of dexterity
MPRegen 0.10/turn               (no ring)

@: drained
A: AC +5, unfitting armour, cold-blooded
a: no special abilities


You were on level 2 of the Dungeon.
You visited 1 branch of the dungeon, and saw 2 of its levels.

You collected 148 gold pieces.

Inventory:

Hand Weapons
 o - a +0 whip (weapon)
Jewellery
 e - a +6 ring of dexterity (left hand)
 f - an amulet of guardian spirit
 g - a ring of ice
Scrolls
 b - 2 scrolls of immolation {unknown}
 c - a scroll of vulnerability {unknown}
 d - a scroll of acquirement {unknown}
 h - 2 scrolls of identify {unknown}
 l - a scroll of teleportation {unknown}
Potions
 a - a potion of magic
 i - a potion of lignification {unknown}
 j - 2 potions of haste {unknown}
 k - a potion of mutation {unknown}
 m - a potion of flight {unknown}
 n - a potion of curing {unknown}


   Skills:
 + Level 1.9 Dodging
 - Level 1.7 Stealth
 + Level 2.6 Spellcasting
 + Level 1.2 Conjurations
 + Level 3.6 Fire Magic


You had 4 spell levels left.
You knew the following spells:

 Your Spells              Type           Power      Damage    Failure   Level
a - Foxfire               Conj/Fire      40%        2x1d6     7%          1
b - Scorch                Fire           28%        2d6       6%          2

Your spell library contained the following spells:

 Spells                   Type           Power      Damage    Failure   Level
 Sandblast                Erth           4%         2d4       19%         1
 Conjure Flame            Conj/Fire      10%        6-21      21%         3
 Passwall                 Tmut/Erth      1%         N/A       26%         2
 Inner Flame              Hex/Fire       8%         N/A       26%         3
 Stone Arrow              Conj/Erth      8%         3d7       38%         3
 Flame Wave               Conj/Fire      10%        2d6       54%         4


Dungeon Overview and Level Annotations

Branches:
Dungeon (2/15)

Altars:

Annotations:
D:2 Crazy Yiuf


Innate Abilities, Weirdness & Mutations

Your plain brown scales are hard. (AC +5)
You cannot fit into any form of body armour.
You are cold-blooded and may be slowed by cold attacks.


Message History

You hit the worm.
You tail-slap the worm, but do no damage.
The worm is severely wounded.
Casting: Foxfire (safe; 7% risk of failure)
Confirm with . or Enter, or press ? or * to list all spells.
You conjure some foxfire!
The worm barely misses you.
You hit the worm.
The worm is severely wounded.
The foxfire hits the worm.
The worm is almost dead.
The foxfire hits the worm.
You kill the worm!
There is a stone staircase leading down here.
You see here 6 stones.
You now have 146 gold pieces (gained 17).
You now have 148 gold pieces (gained 2).
You open the door.
There is an open door here.
There is an open door here.
There is a stone staircase leading down here.
There is an escape hatch in the ceiling here.
Crazy Yiuf shouts!
You open the door. Crazy Yiuf attacks as you move away!
Crazy Yiuf barely misses you.
Crazy Yiuf whimpers, "Cholesterol cower cower!"
Crazy Yiuf attacks as you move away! Crazy Yiuf closely misses you.
Crazy Yiuf attacks as you move away!
Crazy Yiuf hits you with a +4 quarterstaff of chaos!
You feel drained.
Crazy Yiuf cries, "Liver forty-two testudinal!"
Crazy Yiuf attacks as you move away!
Crazy Yiuf hits you with a +4 quarterstaff of chaos.
You feel your power leaking away.
Crazy Yiuf grits, "Walk!"
Casting: Foxfire (safe; 7% risk of failure)
Confirm with . or Enter, or press ? or * to list all spells.
You conjure some foxfire!
Crazy Yiuf hits you with a +4 quarterstaff of chaos!
Ouch! That really hurt!
You die...

..########## #'# #........##
...†.......# #.## ##.†......#
........#### ##.# #...####.##
#######.# #.## #....###.###
#######.# ##.# #..........#
......#.# ##.## #....###.#.#
#####.#.# ##.P.# #....# #.#+#
#####.#.#### #vg..# #....# #....
...........# #v@..# ###..###....
######..#######....# #...........
######..#####.#....#####..#......
..........................#......
...............<....[..........>.
###.###..###..............#.....#
###.# #..# ##.###..#####..#####.#
....# #..####.###....###..#####..
###.# #.>.............##.........


You could see Crazy Yiuf (ally target).

Vanquished Creatures
  2 worms (D:2)
  A dart slug (D:2)
  4 endoplasms
  6 giant cockroaches
  A goblin (D:2)
  A kobold (D:2)
  2 quokkas
  2 ball pythons (D:1)
  2 bats (D:2)
  2 frilled lizards (D:1)
  3 rats
26 creatures vanquished.

Vanquished Creatures (others)
  93 foxfires
93 creatures vanquished.

Grand Total: 119 creatures vanquished

Notes
Turn   | Place    | Note
-------+----------+-------------------------------------------
     0 | D:1      | funkygono the Draconian Fire Elementalist began the quest
                  | for the Orb.
     0 | D:1      | Reached XP level 1. HP: 14/14 MP: 3/3
   279 | D:1      | Reached XP level 2. HP: 20/20 MP: 1/5
   282 | D:1      | Learned a level 2 spell: Scorch
   735 | D:2      | Found a faded altar of an unknown god.
  1424 | D:2      | Reached XP level 3. HP: 26/26 MP: 2/6
  1533 | D:2      | Found a runed translucent door.
  1534 | D:2      | Noticed Crazy Yiuf
  1971 | D:2      | Slain by Crazy Yiuf

Illustrated notes

Levels and vault maps discovered:
D:1:      minmay_arrival_doors, layout_rooms, supply_closet_lemuel,
          minmay_stone_trees_medium, minmay_misc_feat_plants
D:2:      layout_basic, ebering_ecumenical_altar_sacrificial,
          grunt_decor_junction, grunt_decor_fettered, uniq_crazy_yiuf_cottage

Action                   || total
-------------------------++-------
Melee: Whip              ||     4
       Tailslap          ||     1
 Cast: Foxfire           ||    53
       Scorch            ||     3
Armor: Skin              ||     2
Dodge: Dodged            ||     7

Table legend: (Time is in decaauts)
 A = Elapsed time spent in this place.
 B = Non-inter-level travel time spent in this place.
 C = Inter-level travel time spent in this place.
 D = Time resting spent in this place.
 E = Time spent auto-exploring this place.
 F = Levels seen in this place.
 G = Mean time per level.
                   A        B        C        D        E       F      G
               +--------+--------+--------+--------+--------+-----+--------+
         Total |   1970 |   1937 |     33 |      0 |   1721 |   2 |  985.0 |
       Dungeon |   1970 |   1937 |     33 |      0 |   1721 |   2 |  985.0 |
               +--------+--------+--------+--------+--------+-----+--------+

Top non-repeatable levels by time:
     D:2: 1235 daAuts
     D:1: 734 daAuts
